Map: Neon Violet Square LE

Players

SortOf

  • Race: Zerg Zerg
  • Spawn Location: 11:00

Harstem - Winner!

  • Race: Protoss Protoss
  • Spawn Location: 5:00

Event: IEM Season 12 - Katowice

VOD

Have the link to the VOD?

Description

Time

  • Played on: Feb. 27, 2018, 8:58 a.m.
  • Length: 17:01

All games in this series

Show
View Real Time Build Order
Export as new Build Order

SortOf Zerg 

Build Orders: Hatch First, Brood Lord Corruptor 

Get SALT Encoding   

  12  0:01  Drone  
  13  0:13  Overlord  
  13  0:19  Drone  
  14  0:32  Drone x2  
  16  0:37  Drone  
  17  0:53  Hatchery  
  17  0:56  Drone  
  17  0:59  Drone  
  18  1:10  Extractor  
  17  1:14  Spawning Pool  
  17  1:17  Drone  
  17  1:20  Drone  
  18  1:29  Drone  
  19  1:40  Drone  
  20  1:50  Overlord  
  20  2:01  Queen  
  20  2:06  Queen, Zergling x2  
  20  2:07  Zergling x2  
  26  2:10  Metabolic Boost  
  26  2:14  Drone  
  27  2:16  Drone  
  28  2:24  Drone  
  28  2:26  Drone  
  30  2:35  Drone  
  31  2:43  Hatchery  
  30  2:44  Drone  
  30  2:49  Overlord  
  31  2:53  Drone  
  31  2:58  Drone  
  33  3:02  Drone, Queen  
  36  3:07  Overlord  
  36  3:13  Zergling x2  
  36  3:15  Drone x3  
  40  3:22  Drone  
  40  3:25  Drone  
  42  3:34  Drone x2  
  44  3:39  Lair  
  44  3:40  Roach Warren  
  43  3:41  Queen  
  43  3:43  Drone  
  43  3:47  Drone  
  43  3:48  Drone  
  48  3:51  Drone x2  
  48  3:54  Drone x2  
  52  3:57  Drone  
  52  4:02  Overlord  
  53  4:06  Spore Crawler x2  
  53  4:07  Drone  
  53  4:08  Drone  
  53  4:11  Drone x2  
  55  4:19  Extractor  
  55  4:20  Drone x2, Extractor  
  55  4:22  Drone  
  56  4:26  Drone x2  
  56  4:31  Drone x2  
  57  4:36  Drone x2  
  57  4:37  Glial Reconstitution  
  59  4:40  Overseer  
  59  4:41  Overlord  
  59  4:44  Drone x4  
  63  4:48  Queen  
  63  4:51  Spore Crawler  
  64  4:53  Drone  
  64  4:55  Drone  
  64  5:00  Overlord  
  64  5:01  Drone x2  
  64  5:04  Drone  
  67  5:07  Drone x3  
  67  5:13  Overlord  
  70  5:14  Roach  
  70  5:15  Drone  
  70  5:18  Overlord  
  73  5:24  Extractor  
  73  5:26  Evolution Chamber  
  73  5:27  Overlord  
  70  5:33  Roach x5  
  70  5:34  Roach  
  82  5:36  Overlord  
  82  5:38  Drone  
  82  5:41  Drone x3  
  86  5:47  Overseer  
  86  5:49  Drone x2  
  88  5:51  Drone  
  88  5:53  Hydralisk Den  
  88  5:54  Extractor  
  88  5:56  Zerg Missile Weapons Level 1  
  88  5:57  Drone x4  
  89  5:59  Drone  
  89  6:03  Zergling x2  
  93  6:08  Zergling x6  
  93  6:09  Zergling x6  
  99  6:12  Drone  
  99  6:13  Drone  
  99  6:20  Extractor  
  99  6:21  Drone  
  99  6:24  Overlord  
  99  6:28  Hatchery  
  99  6:30  Evolution Chamber  
  99  6:31  Drone  
  99  6:32  Drone x3, Overlord, Baneling Nest  
  100  6:38  Drone  
  99  6:42  Drone x2  
  99  6:44  Drone x2  
  99  6:46  Overlord  
  101  6:47  Drone x2  
  103  6:57  Zerg Melee Weapons Level 1  
  103  6:59  Hydralisk x5, Muscular Augments  
  111  7:01  Overlord  
  111  7:07  Hydralisk x3  
  117  7:17  Infestation Pit  
  117  7:18  Drone x3  
  117  7:21  Overlord  
  119  7:31  Spore Crawler, Drone x2  
  119  7:32  Drone x2  
  122  7:39  Baneling x5  
  122  7:40  Hydralisk x3  
  122  7:41  Hydralisk  
  122  7:42  Overlord  
  130  7:45  Baneling x2, Hatchery  
  130  7:47  Overseer  
  129  7:52  Extractor  
  129  7:54  Zerg Ground Armor Level 1  
  129  7:56  Spire  
  129  7:57  Hive  
  127  8:02  Zergling x10  
  132  8:06  Drone x3, Extractor  
  132  8:07  Drone  
  132  8:11  Grooved Spines  
  135  8:18  Overlord  
  135  8:20  Centrifical Hooks  
  135  8:23  Hydralisk x2  
  135  8:24  Zergling x12  
  135  8:25  Zergling x8  
  149  8:31  Overlord x2  
  149  8:35  Drone x2  
  149  8:39  Baneling x2  
  149  8:40  Baneling  
  149  8:41  Baneling x4  
  151  8:52  Zergling x32  
  166  9:00  Hydralisk x2  
  166  9:01  Hydralisk x2  
  174  9:11  Greater Spire  
  174  9:12  Adrenal Glands, Zerg Melee Weapons Level 2  
  172  9:20  Zergling x4  
  172  9:21  Zergling x14  
  172  9:22  Overlord  
  172  9:23  Baneling x6  
  172  9:24  Baneling x5  
  181  9:31  Baneling  
  181  9:32  Baneling x8  
  181  9:56  Drone  
  181  9:57  Drone x3  
  181  9:58  Overlord  
  182  10:00  Corruptor x4  
  187  10:09  Baneling  
  187  10:10  Baneling x21  
  179  10:17  Zergling x2  
  179  10:18  Zergling x46  
  180  10:31  Zergling x14  
  181  10:36  Corruptor x3  
  173  10:46  Zergling x2  
  173  10:48  Zergling x14, Hydralisk  
  132  10:57  Zergling x4  
  132  10:59  Zergling x6  
  121  11:06  Hydralisk x4  
  118  11:11  Brood Lord  
  118  11:12  Brood Lord x3, Hydralisk x2  
  128  11:19  Drone  
  121  11:27  Drone x2  
  121  11:30  Drone x3  
  121  11:31  Drone  
  115  11:35  Drone  
  115  11:36  Drone  
  115  11:42  Drone  
  115  11:45  Infestor x3  
  115  11:46  Drone x2  
  119  11:52  Hatchery  
  118  11:59  Hatchery  
  118  12:00  Drone x2  
  119  12:03  Drone x3  
  119  12:04  Drone x3  
  125  12:14  Zerg Missile Weapons Level 2, Zerg Melee Weapons Level 3  
  125  12:19  Drone x2  
  125  12:20  Drone  
  128  12:24  Roach  
  128  12:27  Corruptor  
  132  12:42  Corruptor x4  
  140  12:45  Zergling x2  
  140  12:50  Drone x3  
  140  12:51  Drone  
  145  12:52  Drone x2  
  145  12:54  Drone  
  145  12:56  Zergling x2  
  149  13:05  Brood Lord  
  151  13:06  Corruptor x2  
  151  13:12  Drone x2  
  155  13:21  Zergling x2  
  155  13:22  Zergling x10  
  155  13:27  Zergling x22  
  162  13:34  Zergling x4  
  173  13:38  Brood Lord x4  
  171  13:51  Drone x3, Spire  
  163  14:00  Overlord  
  162  14:05  Infestor  
  162  14:06  Hatchery  
  162  14:08  Overlord, Zergling x2  
  162  14:09  Zergling x12  
  159  14:27  Zergling x6  
  159  14:28  Zergling x12  
  159  14:31  Queen  
  169  14:40  Infestor  
  169  14:42  Infestor x2  
  175  14:46  Hatchery  
  175  14:47  Overlord  
  175  14:51  Hydralisk  
  176  14:53  Zergling x6  
  176  14:57  Baneling  
  176  14:58  Baneling x3  
  179  15:04  Drone x6  
  185  15:08  Baneling x3  
  185  15:09  Baneling x3  
  185  15:12  Overseer x2  
  185  15:19  Hydralisk  
  185  15:20  Hydralisk x4  
  190  15:29  Spore Crawler x2, Extractor  
  190  15:30  Spore Crawler x2, Extractor  
  190  15:35  Zergling x16  
  189  15:40  Drone  
  189  15:41  Drone x2  
  189  15:42  Drone x2  
  194  15:49  Spore Crawler  
  193  15:50  Spore Crawler x2  
  193  15:51  Spore Crawler, Pneumatized Carapace  
  188  16:02  Hydralisk x5  
  188  16:03  Zergling x6  
  184  16:17  Hydralisk x2  
  184  16:18  Hydralisk x6  
  169  16:35  Hydralisk x10  
Show
View Real Time Build Order
Export as new Build Order

Harstem Protoss - Winner!

Build Orders: Nexus First, Oracle Opening, Archon Immortal, Carriers 

Get SALT Encoding   

  12  0:01  Probe  
  13  0:13  Probe  
  14  0:19  Pylon  
  14  0:25  Probe  
  15  0:37  Probe (Chrono Boost)  
  16  0:47  Probe (Chrono Boost)  
  17  1:00  Nexus  
  17  1:09  Gateway  
  17  1:12  Probe (Chrono Boost)  
  18  1:22  Probe (Chrono Boost), Assimilator  
  19  1:27  Probe (Chrono Boost)  
  19  1:30  Assimilator  
  20  1:38  Probe  
  21  1:41  Pylon  
  21  1:50  Probe  
  22  1:58  Cybernetics Core  
  24  2:01  Zealot  
  24  2:03  Probe (Chrono Boost)  
  25  2:13  Probe (Chrono Boost)  
  25  2:15  Probe (Chrono Boost)  
  27  2:21  Probe (Chrono Boost)  
  27  2:22  Probe (Chrono Boost)  
  29  2:26  Probe (Chrono Boost)  
  29  2:29  Probe  
  31  2:35  Warp Gate, Stalker  
  33  2:38  Probe  
  33  2:41  Probe  
  35  2:46  Stargate  
  35  2:50  Probe  
  36  2:53  Probe  
  36  3:02  Probe, Pylon  
  37  3:05  Probe  
  38  3:13  Gateway  
  38  3:14  Probe  
  38  3:18  Probe  
  40  3:26  Probe  
  41  3:27  Oracle (Chrono Boost)  
  41  3:32  Adept  
  41  3:33  Probe  
  46  3:38  Probe  
  47  3:45  Nexus  
  47  3:48  Probe, Pylon  
  48  3:55  Oracle (Chrono Boost)  
  48  3:59  Probe  
  48  4:00  Probe  
  53  4:07  Assimilator  
  53  4:11  Probe, Robotics Facility, Assimilator  
  53  4:12  Probe  
  55  4:17  Pylon  
  55  4:23  Probe  
  56  4:30  Probe  
  57  4:35  Probe, Forge  
  57  4:37  Gateway  
  57  4:38  Twilight Council  
  58  4:42  Probe  
  59  4:47  Probe  
  60  4:54  Probe  
  60  4:58  Probe  
  60  4:59  Probe  
  63  5:02  Protoss Ground Weapons Level 1, Immortal (Chrono Boost), Stalker  
  63  5:07  Probe, Pylon  
  70  5:11  Charge (Chrono Boost)  
  70  5:17  Probe  
  71  5:21  Probe  
  72  5:31  Zealot  
  72  5:32  Probe  
  72  5:34  Probe  
  76  5:36  Probe, Nexus  
  76  5:38  Assimilator  
  76  5:41  Pylon  
  76  5:42  Assimilator  
  76  5:44  Templar Archives  
  76  5:45  Observer  
  76  5:49  Sentry  
  79  5:50  Probe x2 (Chrono Boost)  
  79  5:56  Pylon  
  82  5:57  Probe (Chrono Boost)  
  82  6:00  Sentry x2  
  82  6:02  Probe (Chrono Boost)  
  88  6:04  Probe (Chrono Boost)  
  88  6:06  Phoenix (Chrono Boost)  
  88  6:07  Probe x2 (Chrono Boost)  
  88  6:09  Probe (Chrono Boost)  
  93  6:16  Probe  
  93  6:17  Probe  
  95  6:20  Probe  
  96  6:25  Gateway  
  96  6:26  Gateway  
  96  6:28  Gateway  
  96  6:29  Probe x2  
  96  6:31  Gateway  
  96  6:32  Probe  
  99  6:37  Zealot, Sentry  
  101  6:40  Immortal (Chrono Boost)  
  101  6:41  Probe  
  106  6:47  Psionic Storm  
  106  6:48  Probe  
  106  6:50  Probe  
  106  6:52  Probe  
  106  6:53  Probe  
  110  6:58  Zealot x2  
  114  7:04  Protoss Ground Weapons Level 2 (Chrono Boost)  
  114  7:18  Probe, High Templar x3  
  114  7:19  Probe  
  114  7:21  Shield Battery  
  122  7:22  Photon Cannon  
  122  7:23  Assimilator  
  122  7:25  Probe  
  122  7:29  Assimilator  
  123  7:30  Probe  
  123  7:34  Gateway  
  123  7:36  Pylon x2, Gateway  
  124  7:40  Pylon  
  124  7:41  Pylon  
  124  7:42  Gateway x2  
  124  7:43  Gateway  
  124  7:44  Pylon  
  124  7:50  Photon Cannon  
  124  7:54  Probe, High Templar, Warp Prism (Chrono Boost)  
  124  7:55  High Templar x3  
  124  7:56  Zealot  
  137  7:59  Pylon  
  137  8:01  Archon  
  137  8:10  Robotics Facility  
  137  8:17  Immortal (Chrono Boost), High Templar x2  
  137  8:18  Zealot  
  147  8:23  Archon  
  147  8:28  Zealot x3  
  147  8:29  Zealot  
  155  8:43  Warp Prism (Chrono Boost), High Templar x2  
  155  8:47  Pylon  
  161  8:49  Fleet Beacon, Archon  
  161  8:50  Pylon x2  
  161  8:53  Stargate  
  161  8:54  High Templar x2  
  161  8:55  Zealot x2  
  167  9:00  Stalker x2  
  167  9:01  Photon Cannon  
  171  9:04  Archon  
  171  9:09  Photon Cannon  
  171  9:10  Warp Prism (Chrono Boost)  
  177  9:20  Immortal (Chrono Boost)  
  175  9:25  High Templar x2  
  175  9:30  Archon  
  179  9:39  Sentry  
  179  9:44  Immortal (Chrono Boost)  
  179  9:55  High Templar  
  179  9:56  High Templar x2  
  179  9:57  Zealot x4, High Templar  
  195  10:00  Archon  
  195  10:01  Archon  
  191  10:11  Immortal (Chrono Boost)  
  191  10:16  Zealot x2  
  191  10:17  Probe  
  192  10:26  Zealot  
  180  10:28  Carrier (Chrono Boost)  
  184  10:37  Zealot x6  
  188  10:49  Zealot x6  
  144  10:57  Zealot x2  
  144  10:58  Zealot x4  
  144  10:59  Mothership (Chrono Boost)  
  144  11:03  Probe (Chrono Boost)  
  139  11:05  Carrier (Chrono Boost), Protoss Air Weapons Level 1 (Chrono Boost)  
  139  11:10  Stargate  
  149  11:13  Zealot x9  
  149  11:14  Zealot x2  
  163  11:21  Warp Prism  
  155  11:26  Graviton Catapult  
  133  11:40  Nexus  
  133  11:42  High Templar x4  
  133  11:43  Zealot x3  
  133  11:44  Zealot  
  131  11:57  Carrier (Chrono Boost)  
  131  11:58  Protoss Ground Weapons Level 3 (Chrono Boost)  
  131  12:01  Pylon  
  138  12:05  Probe (Chrono Boost)  
  138  12:06  Probe (Chrono Boost)  
  139  12:20  Assimilator x2  
  145  12:27  Observer  
  145  12:28  Carrier (Chrono Boost)  
  145  12:29  Protoss Air Weapons Level 2 (Chrono Boost)  
  152  12:32  Photon Cannon  
  152  12:33  Carrier (Chrono Boost)  
  152  12:39  Probe (Chrono Boost)  
  152  12:44  Stargate  
  147  12:46  Zealot x3  
  153  12:56  Zealot x4  
  161  12:59  High Templar  
  161  13:00  High Templar  
  161  13:01  Observer  
  161  13:04  Archon  
  167  13:20  Warp Prism (Chrono Boost)  
  167  13:24  Observer (Chrono Boost)  
  167  13:29  Zealot x7  
  167  13:30  Zealot x2  
  179  13:45  Zealot x2  
  183  13:53  Carrier (Chrono Boost)  
  165  14:03  Carrier (Chrono Boost)  
  165  14:08  Carrier (Chrono Boost)  
  165  14:09  High Templar  
  161  14:10  High Templar x3  
  161  14:11  High Templar x2  
  161  14:12  Zealot x5  
  161  14:15  Archon x2  
  181  14:19  Zealot  
  172  14:25  Protoss Air Weapons Level 3 (Chrono Boost)  
  169  14:36  Archon  
  169  14:39  Photon Cannon  
  169  14:41  Photon Cannon  
  175  14:48  Carrier (Chrono Boost)  
  175  14:53  Zealot x6  
  187  15:06  Warp Prism (Chrono Boost)  
  185  15:07  Oracle (Chrono Boost)  
  190  15:14  High Templar  
  190  15:15  High Templar x3  
  194  15:22  Archon  
  194  15:23  Archon  
  194  15:26  Shield Battery  
  196  15:32  Oracle (Chrono Boost)  
  196  15:33  Oracle (Chrono Boost)  
  188  15:39  Zealot x6  
  200  16:16  Oracle (Chrono Boost)  
  177  16:48  Zealot x3  
  177  16:49  Zealot x7  

Tags
 
Add a new tag
Caveats
  • Supply blocks, unpowered buildings, or Contaminate may cause inaccurate times.
  • Supply counts are checked every 10 seconds.